 Dungeon Crawl Stone Soup version 0.31-a0-486-g8d68a81214 (webtiles) character file.

Game seed: 9196323032626535940

34394 RepHenryClay the Cleaver (level 13, -3/115 HPs)
             Began as a Ghoul Monk on Aug 7, 2023.
             Was a High Priest of Okawaru.
             Slain by a meliai
             ... wielding a +0 war axe
              (12 damage)
             ... on level 13 of the Dungeon.
             The game lasted 00:30:51 (19806 turns).

RepHenryClay the Cleaver (Ghoul Monk)              Turns: 19806, Time: 00:30:51

Health: -3/115     AC: 23    Str: 20    XL:     13   Next: 77%
Magic:  13/15      EV: 13    Int:  5    God:    Okawaru [*****.]
Gold:   848        SH:  0    Dex: 13    Spells: 12/12 levels left

rFire   . . .        w - +2 war axe (freeze)
rCold   + . .        d - orb {light}
rNeg    + + +        B - +5 chain mail of the Slimy Echidna {rPois rN+ Dex+2}
rPois   ∞            (no helmet)
rElec   .            G - +0 cloak
rCorr   .            (no gloves)
SInv    .            A - +0 pair of boots
Will    .....        (no amulet) Stlth
                     (no ring)
HPRegen 0.00/turn    (no ring)
MPRegen 0.14/turn

%: no passive effects
@: heroic, inhibited regen, glowing
A: claws 1, cold resistance 1, negative energy resistance 3, inhibited
regeneration, torment resistance 2, devour on kill
a: Renounce Religion, Heroism, Finesse, Duel


You were on level 13 of the Dungeon.
You worshipped Okawaru.
Okawaru was extremely pleased with you.
You visited 2 branches of the dungeon, and saw 17 of its levels.

You collected 887 gold pieces.
You spent 39 gold pieces at shops.

Inventory:

Hand Weapons
 a - a +0 demon whip of venom
 b - a +2 vampiric hand axe
 e - a +2 broad axe of distortion
 w - a +2 war axe of freezing (weapon)
 y - a +3 battleaxe of freezing
 C - a +2 hand axe of flaming
Missiles
 x - a throwing net
Armour
 d - an orb of light (worn)
 g - a scarf of invisibility
 t - a +1 robe of fire resistance
 A - a +0 pair of boots (worn)
 B - the +5 chain mail of the Slimy Echidna (worn) {rPois rN+ Dex+2}
   (You found it on level 9 of the Dungeon)

   Dex:       It affects your dexterity (+2).
   rPois:     It protects you from poison.
   rN:        It protects you from negative energy.
 G - a +0 cloak (worn)
Jewellery
 m - a ring of ice
Wands
 k - a wand of flame (2)
 o - a wand of mindburst (13)
 v - a wand of iceblast (18)
 I - a wand of paralysis (5)
Scrolls
 j - 11 scrolls of teleportation
 l - 3 scrolls of identify {@r1}
 p - 2 scrolls of torment
 q - a scroll of vulnerability
 r - 4 scrolls of immolation
 s - 4 scrolls of revelation
 D - a scroll of blinking
 E - a scroll of poison
 H - a scroll of silence
Potions
 c - 4 potions of curing
 f - a potion of resistance {unknown}
 h - a potion of ambrosia
 n - 4 potions of brilliance
 u - 4 potions of haste
 z - 3 potions of enlightenment
 F - 2 potions of attraction
 J - 2 potions of magic {unknown}


   Skills:
 + Level 10.8(15.8) Fighting
 + Level 13.3(18.3) Axes
 + Level 13.0(18.0) Armour
 - Level 6.0(11.0) Dodging
 - Level 5.0 Invocations


You had 12 spell levels left.
You didn't know any spells.
Your spell library contained the following spells:

 Spells                   Type           Power      Damage    Failure   Level
 Apportation              Tloc           0%         N/A       89%         1
 Necrotise                Necr           0%         1d4       89%         1
 Blink                    Tloc           0%         N/A       96%         2
 Lesser Beckoning         Tloc           0%         N/A       96%         2
 Momentum Strike          Conj/Tloc      0%         3d8       96%         2
 Frozen Ramparts          Ice            0%         1d1       99%         3
 Gell's Gravitas          Tloc           0%         N/A       99%         3
 Inner Flame              Hex/Fire       0%         N/A       99%         3
 Ozocubu's Armour         Ice            0%         N/A       99%         3
 Teleport Other           Tloc           0%         N/A       99%         3
 Petrify                  Tmut/Erth      0%         N/A       100%        4
 Metabolic Englaciation   Hex/Ice        0%         N/A       100%        5
 Yara's Violent Unravell  Hex/Tmut       0%         3d3       100%        5
 Dispersal                Tloc           0%         N/A       100%        6
 Enfeeble                 Hex            0%         N/A       100%        7
 Summon Small Mammal      Summ           Unusable   N/A       N/A         1
 Simulacrum               Ice/Necr       Unusable   N/A       N/A         6

Dungeon Overview and Level Annotations

Branches:
Dungeon (11/15)            Temple (0/1) D:6            Lair (5/5) D:9
 Shoals (0/4) Lair:3        Snake (0/4) Lair:3        Slime (0/5) Lair:4
    Orc: D:9-12

Altars:
Ashenzari
Cheibriados
Dithmenos
Okawaru
Sif Muna
Uskayaw
Vehumet
Wu Jian
Xom

Shops:
D:1 ?   D:11 *

Annotations:
D:5 1 runed translucent door, deremet's ghost, weakling GnDe
Lair:3 1 runed translucent door, Gelion's ghost, journeyman OpSh
Lair:4 1 runed translucent door, Xavori's ghost, journeyman OpCK


Innate Abilities, Weirdness & Mutations

You are immune to poison.
You have sharp fingernails.
Your flesh is cold resistant. (rC+)
You are immune to negative energy. (rN+++)
You do not regenerate when monsters are visible.
You are immune to unholy pain and torment.
You thrive by killing the living.


Message History

Something smites you!
* * * LOW HITPOINT WARNING * * *
The meliai closely misses you.
The meliai stings you but does no damage.
The meliai hits you but does no damage. The meliai closely misses you.
The meliai hits you with a +0 war axe!
* * * LOW HITPOINT WARNING * * *
The meliai closely misses you.
Damage: -7%(-8hp) hp: 29%(33hp) Unknown command.
You closely miss the meliai.
The meliai is moderately wounded.
You hit the meliai. You freeze the meliai.
The meliai hits you with a +0 war axe.
* * * LOW HITPOINT WARNING * * *
The meliai barely misses you. The meliai hits you with a +0 war axe!
* * * LOW HITPOINT WARNING * * *
The meliai misses you.
Huge Dmg: -10%(-12hp) hp: 19%(21hp)
You slash the meliai! You freeze the meliai.
The meliai is severely wounded.
You hit the meliai. You freeze the meliai. The meliai barely misses you.
The meliai stings you but does no damage.
The meliai hits you but does no damage. The meliai stings you.
* * * LOW HITPOINT WARNING * * *
Damage: -3%(-3hp) hp: 16%(18hp) Unknown command.
You slash the meliai! You freeze the meliai.
You kill the meliai!
Okawaru accepts your kill.
You hit the meliai. You freeze the meliai.
The meliai hits you but does no damage. The meliai closely misses you.
The meliai hits you with a +0 war axe!
* * * LOW HITPOINT WARNING * * *
The meliai barely misses you.
Huge Dmg: -8%(-9hp) hp: 8%(9hp)
You barely miss the meliai.
The meliai is severely wounded.
The meliai hits you with a +0 war axe!
You die...

#..#...## #.##...#
#.#...## #.#...#
#####.#..##
#.....#..# #..#
#.....#... .#..#
#.....#... .#..#
#.)@y.##.. .#..#
#......)..##... .+..+
##.##.....# +..+ #
#.....#
##..########.####...#
.c...........# .....
.H...........# ......
##..#''#######
....... +..#..D..#


You could see a meliai.

Vanquished Creatures
  3 hydras
  A catoblepas (Lair:4)
  A death yak (Lair:4)
  Amaemon (Lair:1)
  A skyshark (Lair:4)
  A flayed ghost (D:9)
  Pikel (D:7)
  2 cyclopes (D:11)
  A manticore (D:11)
  24 elephants
  3 black mambas
  A torpor snail (Lair:1)
  An orange demon (Lair:2)
  2 rime drakes
  6 cane toads
  Maggie (D:8)
  A komodo dragon (Lair:1)
  2 meliai (D:13)
  2 trolls
  2 polar bears
  10 blink frogs
  24 yaks
  8 wraiths
  2 fire bats (D:9)
  4 wyverns
  A basilisk (Lair:1)
  2 vampire mosquitoes (D:10)
  2 steam dragons (D:7)
  A naga (Lair:3)
  12 water moccasins
  2 black bears
  An ice beast (D:5)
  2 sky beasts
  4 ogres
  3 centaurs
  9 wolves (Lair:2)
  A kobold brigand (D:7)
  8 bullfrogs
  3 scorpions
  14 wights
  14 killer bees
  5 electric eels
  A lava snake (D:10)
  2 hounds
  2 jellies
  A gnoll bouda (D:7)
  2 orc priests
  A sleepcap (D:5)
  5 iguanas
  9 orc wizards
  6 hell rats (Lair:3)
  10 gnolls
  4 river rats (D:5)
  11 adders
  2 white imps
  4 worms
  3 dart slugs
  19 orcs
  6 endoplasms
  4 giant cockroaches
  2 hobgoblins
  4 jackals (D:4)
  12 kobolds
  4 quokkas
  6 ball pythons
  16 bats
  4 frilled lizards
  4 goblins
333 creatures vanquished.

Vanquished Creatures (others)
  An ugly thing (D:9)
  A basilisk (D:9)
2 creatures vanquished.

Grand Total: 335 creatures vanquished

Notes
Turn   | Place    | Note
-------+----------+-------------------------------------------
     0 | D:1      | RepHenryClay the Ghoul Monk began the quest for the Orb.
     0 | D:1      | Reached XP level 1. HP: 19/19 MP: 0/0
   221 | D:1      | Reached XP level 2. HP: 20/26 MP: 1/1
   270 | D:1      | Reached skill level 1 in Armour
   603 | D:1      | Found Mulikhlo's Magic Scroll Shoppe.
   606 | D:1      | Bought a scroll of teleportation for 39 gold pieces
  1079 | D:2      | Reached XP level 3. HP: 29/31 MP: 2/2
  1361 | D:2      | Reached XP level 4. HP: 37/38 MP: 3/3
  1365 | D:2      | Found a faded altar of an unknown god.
  2290 | D:4      | Reached XP level 5. HP: 35/45 MP: 4/4
  2299 | D:4      | HP: 1/45 [iguana (11)]
  2420 | D:4      | Noticed a water moccasin
  2431 | D:4      | Killed a water moccasin
  2432 | D:4      | Reached XP level 6. HP: 19/51 MP: 5/5
  2577 | D:4      | Noticed a sky beast
  2610 | D:4      | Killed a sky beast
  2611 | D:4      | Reached skill level 5 in Axes
  3574 | D:5      | Entered Level 5 of the Dungeon
  3587 | D:5      | Reached XP level 7. HP: 54/57 MP: 6/6
  4137 | D:5      | Reached skill level 5 in Armour
  4295 | D:5      | Reached XP level 8. HP: 62/63 MP: 7/7
  4455 | D:5      | Found a runed translucent door.
  4460 | D:5      | Noticed deremet's ghost (weakling GnDe)
  4746 | D:6      | Found a staircase to the Ecumenical Temple.
  6115 | D:7      | Reached XP level 9. HP: 70/70 MP: 8/8
  6422 | D:7      | Found an iron altar of Okawaru.
  6438 | D:7      | Noticed Pikel
  6453 | D:7      | Became a worshipper of Warmaster Okawaru
  6453 | D:7      | Reached * piety under Okawaru
  6453 | D:7      | Reached ** piety under Okawaru
  6459 | D:7      | Killed Pikel
  6823 | D:7      | Reached skill level 1 in Invocations
  7226 | D:8      | Noticed Maggie
  7368 | D:8      | Reached skill level 5 in Invocations
  7376 | D:8      | Reached XP level 10. HP: 52/77 MP: 12/12
  7631 | D:8      | Killed Maggie
  8362 | D:9      | Noticed a six-headed hydra
  8363 | D:9      | Noticed a green ugly thing
  8363 | D:9      | Noticed an eight-headed hydra
  8363 | D:9      | Found the +8 trishula "Condemnation" {holy, anguish, *Noise
                  | Fly rN+}
  8413 | D:9      | Reached *** piety under Okawaru
  8756 | D:9      | Killed a green ugly thing
  8915 | D:9      | Found a staircase to the Lair.
  9291 | D:9      | Found a runed translucent door.
  9297 | D:9      | Found a shadowy altar of Dithmenos.
  9323 | D:9      | Noticed a centaur warrior
  9323 | D:9      | Noticed a tengu warrior
  9555 | D:9      | Noticed a red ugly thing
  9555 | D:9      | Noticed a cyclops
  9565 | D:9      | Found a broken altar of Ashenzari.
  9698 | D:9      | Found a shadowy altar of Dithmenos.
  9841 | D:9      | Reached skill level 10 in Axes
  9881 | D:9      | Found a hide-covered altar of Uskayaw.
 10003 | D:9      | Found a radiant altar of Vehumet.
 10059 | D:9      | Found a shadowy altar of Dithmenos.
 10144 | D:9      | Noticed a flayed ghost
 10155 | D:9      | Killed a flayed ghost
 10155 | D:9      | Reached **** piety under Okawaru
 10156 | D:9      | Reached skill level 10 in Armour
 10159 | D:9      | Identified the +5 chain mail of the Slimy Echidna {rPois
                  | rN+ Dex+2}
 10304 | Lair:1   | Entered Level 1 of the Lair of Beasts
 10304 | Lair:1   | Noticed a black mamba
 10318 | D:9      | Killed a black mamba
 10319 | D:9      | Reached XP level 11. HP: 32/82 MP: 13/13
 10608 | Lair:1   | You fall into a shaft and drop 1 floor!
 10678 | Lair:2   | Noticed a seven-headed hydra
 10695 | Lair:2   | Killed a one-headed hydra
 10750 | Lair:2   | Reached ***** piety under Okawaru
 10755 | Lair:2   | Noticed Amaemon
 11012 | Lair:2   | Received a gift from Okawaru
 11878 | Lair:1   | Reached XP level 12. HP: 24/89 MP: 14/14
 12630 | Lair:1   | Killed Amaemon
 12893 | Lair:2   | Received a gift from Okawaru
 13921 | Lair:3   | Found a staircase to the Snake Pit.
 14299 | Lair:3   | Found a staircase to the Shoals.
 14334 | Lair:3   | Noticed a seven-headed hydra
 14556 | Lair:3   | Noticed a five-headed hydra
 14573 | Lair:2   | Reached skill level 5 in Fighting
 14647 | Lair:3   | Killed a one-headed hydra
 14890 | Lair:3   | Found a runed translucent door.
 14893 | Lair:3   | Identified the +8 trident of Lipeyleh {drain, Will+}
 14893 | Lair:3   | Noticed Gelion's ghost (journeyman OpSh)
 15405 | Lair:3   | Killed a one-headed hydra
 15710 | Lair:4   | Noticed a skyshark
 15771 | Lair:4   | Killed a skyshark
 15802 | Lair:4   | Found a runed translucent door.
 15803 | Lair:4   | Found a shimmering altar of Xom.
 15803 | Lair:4   | Noticed Xavori's ghost (journeyman OpCK)
 15861 | Lair:4   | Reached XP level 13. HP: 45/107 MP: 13/15
 16072 | Lair:4   | Received a gift from Okawaru
 16073 | Lair:4   | Reached skill level 5 in Dodging
 16771 | Lair:4   | Reached skill level 10 in Fighting
 16796 | Lair:4   | Found a staircase to the Slime Pits.
 17181 | Lair:5   | Entered Level 5 of the Lair of Beasts
 17196 | Lair:5   | Identified the +1 scale mail of Demig {rCorr Dex+3}
                  | (Okawaru gifted it to you on level 5 of the Lair of Beasts)
 17196 | Lair:5   | Received a gift from Okawaru
 17582 | D:10     | Entered Level 10 of the Dungeon
 17780 | D:10     | Found a shimmering blue altar of Sif Muna.
 17785 | D:10     | Found an ornate altar of the Wu Jian Council.
 17788 | D:10     | Found a snail-covered altar of Cheibriados.
 17788 | D:10     | Found a hide-covered altar of Uskayaw.
 17796 | D:10     | Found a broken altar of Ashenzari.
 19141 | D:11     | Found Plog's Demolitions Depot.
 19474 | D:11     | You fall into a shaft and drop 2 floors!
 19806 | D:13     | Slain by a meliai

Illustrated notes

Levels and vault maps discovered:
D:1:      dpeg_arrival_solitude, layout_basic, serial_shops, shop
D:2:      layout_rooms, hellmonk_ecumenical_altar_heavens_door
D:3:      layout_loops_cross
D:4:      layout_basic
D:5:      wad_woods_tower, layout_basic, ebering_ghost_reflecting_pool
D:6:      layout_loops_corners, minmay_temple_entry_purple_smoke,
          kennysheep_potato
D:7:      layout_loops_ring, kennysheep_mini, uniq_pikel
D:8:      layout_basic, minmay_misc_feat_columns, nicolae_titane, uniq_maggie
D:9:      due_megacathedral, layout_basic, minivault_12
D:10:     layout_basic, nicolae_overflow_hallway_of_the_gods,
          kennysheep_minor_cross
D:11:     layout_roguey, erik_orc_3, abandoned_shop, nicolae_blasting_shop,
          grunt_ministairs_10
D:13:     layout_rooms, skrybe_vaults_entry_preservation, nicolae_two_hexagons
Lair:1:   layout_cave_shapes, nicolae_lair_lil_pond, cheibrodos_lair_reptile_den
Lair:2:   layout_cave_pods, uniq_amaemon
Lair:3:   layout_chaotic_city, shoals_dummy_entry, guppyfry_snake_entry_garden,
          ebering_ghost_funeral_grove, chequers_serial_rivers_small_3,
          grunt_forest_stairs_basic, serial_bayou_shore_a
Lair:4:   layout_cave_shapes, nicolae_slime_entry_slimehenge, ebering_ghost_xom
Lair:5:   minmay_lair_end_enchanted_forest, layout_misc_corridors

Skill      XL: |  1  2  3  4  5  6  7  8  9 10 11 12 13 |
---------------+----------------------------------------+-----
Axes           | 3 4 5 6 7 8 10 12 13 | 13.3
Armour         | 1 2 3 4 5 7 8 10 11 12 13 | 13.0
Invocations    | 5 |  5.0
Fighting       | 7 10 | 10.8
Dodging        | 4 6 |  6.0

Action                     |  1- 3 |  4- 6 |  7- 9 | 10-12 | 13-15 || total
---------------------------+-------+-------+-------+-------+-------++-------
  Melee: Hand axe          |   103 |   186 |   394 |   237 |    29 ||   949
         War axe           |       |       |       |   365 |   198 ||   563
         Punch             |       |       |       |     1 |       ||     1
         Demon whip        |       |       |       |   153 |   119 ||   272
 Invoke: Heroism           |       |       |     1 |     8 |     3 ||    12
Ability: Evoke Invisibilit |       |       |       |     1 |       ||     1
  Evoke: Wand              |       |       |     2 |     7 |       ||     9
    Use: Potion            |       |     7 |     3 |     1 |     1 ||    12
         Scroll            |       |       |     9 |     4 |     6 ||    19
   Stab: Invisible         |       |       |       |     2 |       ||     2
         Distracted        |       |       |       |     1 |       ||     1
 Armour: Robe              |     9 |       |       |       |       ||     9
         Ring mail         |    28 |    21 |       |       |       ||    49
         Chain mail        |       |    78 |   216 |   461 |   237 ||   992
  Dodge: Dodged            |    58 |    87 |   163 |   384 |   188 ||   880

Table legend: (Time is in decaauts)
 A = Elapsed time spent in this place.
 B = Non-inter-level travel time spent in this place.
 C = Inter-level travel time spent in this place.
 D = Time resting spent in this place.
 E = Time spent auto-exploring this place.
 F = Levels seen in this place.
 G = Mean time per level.
                   A        B        C        D        E       F      G
               +--------+--------+--------+--------+--------+-----+--------+
         Total |  19658 |  18959 |    699 |   2888 |  12810 |  17 | 1156.4 |
       Dungeon |  12694 |  12295 |    399 |    769 |   9419 |  12 | 1057.8 |
          Lair |   6964 |   6664 |    300 |   2118 |   3390 |   5 | 1392.8 |
               +--------+--------+--------+--------+--------+-----+--------+

Top non-repeatable levels by time:
  Lair:2: 2295 daAuts
     D:9: 2194 daAuts
  Lair:1: 1663 daAuts
  Lair:3: 1582 daAuts
     D:7: 1418 daAuts
  Lair:4: 1373 daAuts
     D:8: 1212 daAuts
     D:5: 1122 daAuts
     D:4: 1104 daAuts
    D:10: 1104 daAuts
     D:6: 1020 daAuts
     D:1: 1014 daAuts
     D:3: 941 daAuts
    D:11: 716 daAuts
     D:2: 525 daAuts
